 Dungeon Crawl Stone Soup version 0.22.0-81-g402daae900 (webtiles) character file.

83 Debik the Digger (level 4, -1/24 HPs)
             Began as a Gargoyle Earth Elementalist on Sept 17, 2018.
             Killed from afar by an orc wizard (12 damage)
             ... with a puff of flame
             ... on level 3 of the Dungeon.
             The game lasted 00:04:32 (1800 turns).

Debik the Digger (Gargoyle Earth Elementalist)      Turns: 1800, Time: 00:04:33

Health: -1/24      AC:  5    Str: 11    XL:     4   Next: 44%
Magic:  1/8        EV: 12    Int: 17    God:
Gold:   172        SH:  0    Dex: 10    Spells: 5/9 levels left

rFire    . . .     SeeInvis .   (no weapon)
rCold    . . .     Gourm    .   (no shield)
rNeg     + . .     Faith    .   c - +0 robe
rPois    ∞         Spirit   .   (no helmet)
rElec    +         Reflect  .   (no cloak)
rCorr    .         Harm     .   (no gloves)
MR       .....                  (no boots)
Stlth    ++........             (no amulet)
HPRegen  0.08/turn              (no ring)
MPRegen  0.11/turn              (no ring)

@: no status effects
A: negative energy resistance 1, electricity resistance, unbreathing,
petrification resistance, rot immunity, AC +3
a: no special abilities


You were on level 3 of the Dungeon.
You were not hungry.

You visited 1 branch of the dungeon, and saw 3 of its levels.

You collected 172 gold pieces.

Inventory:

Missiles
 b - 122 stones (quivered)
Armour
 c - a +0 robe (worn)
Jewellery
 e - an uncursed ring of poison resistance {unknown}
Scrolls
 a - 4 scrolls of identify
 g - a scroll of teleportation {unknown}
 j - a scroll of enchant weapon {unknown}
 k - 3 scrolls of remove curse
 l - a scroll of blinking {unknown}
 n - a scroll of amnesia {unknown}
 p - a scroll of fog {unknown}
 q - a scroll of magic mapping {unknown}
Potions
 f - 2 potions of heal wounds
 h - a potion of curing {unknown}
 i - a potion of resistance {unknown}
 m - 2 potions of brilliance {unknown}
 o - 2 potions of flight {unknown}
Comestibles
 d - 5 rations


   Skills:
 + Level 1.8 Dodging
 + Level 2.5 Stealth
 + Level 0.2 Unarmed Combat
 + Level 3.0 Spellcasting
   Level 0.7 Transmutations
 + Level 4.9 Earth Magic


You had 5 spell levels left.
You knew the following spells:

 Your Spells              Type           Power        Failure   Level  Hunger
a - Sandblast             Erth           ###...       2%          1    None
e - Stone Arrow           Conj/Erth      ##....       19%         3    ###....

Your spell library contained the following spells:

 Spells                   Type           Power        Failure   Level  Hunger
 Passwall                 Tmut/Erth      ##......     9%          2    ##.....
 Petrify                  Tmut/Erth      ##......     50%         4    ####...
 Lee's Rapid Deconstruct  Erth           ###.......   54%         5    ######.


Dungeon Overview and Level Annotations

Branches:
Dungeon (3/15)

Altars:
Uskayaw


Innate Abilities, Weirdness & Mutations

You are resistant to torment.
Your stone body is resilient. (AC +3)
You are immune to poison.
You resist negative energy. (rN+)
You are resistant to electric shocks. (rElec)
You can survive without breathing.
You are immune to petrification.
You are immune to rotting.


Message History

The blast of sand hits the orc.
You kill the orc!
b - 122 stones
Casting: Sandblast (safe; 2% risk of failure)
Confirm with . or Enter, or press ? or * to list all spells.
You don't have enough magic to cast that spell.
Unknown command.
It was a potion of heal wounds.
You feel much better.
As you read the scroll labeled NAUSTI KESUMEW, it crumbles to dust.
It is a scroll of identify.
k - 3 scrolls of remove curse The orc priest mumbles some strange prayers to Beogh against you.
Beogh smites you!
Ouch! That really hurt!
Okay, then.
The orc priest looks encouraged for a moment.
The orc wizard casts a spell at you. The puff of flame hits you!
Ouch! That really hurt!
You die...

...................#.
#... #.......##......
#...##............##.
#...........####...#.
#....#.............#.
#....#.#####.......#.
#......# #....(#.#.
#....#######.........
####@# .............
####.########.##.#...
#......# #..........
#.....o####.#.##.#.#.
#...o............#.#.
#.....o##........#.#.
#....................
#....................
#########)###........


You could see 2 orc priests and an orc wizard.

Vanquished Creatures
  3 adders (D:2)
  A worm (D:2)
  2 dart slugs (D:1)
  2 leopard geckos
  3 orcs (D:3)
  7 giant cockroaches
  4 goblins
  5 hobgoblins
  A kobold (D:1)
  A quokka (D:2)
  2 ball pythons
  2 bats
  4 frilled lizards (D:1)
  6 rats
43 creatures vanquished.

Notes
Turn   | Place    | Note
-------+----------+-------------------------------------------
     0 | D:1      | Debik the Gargoyle Earth Elementalist began the quest for
                  | the Orb.
     0 | D:1      | Reached XP level 1. HP: 10/10 MP: 3/3
   145 | D:1      | Reached skill level 4 in Earth Magic
   212 | D:1      | Reached XP level 2. HP: 9/15 MP: 1/5
   682 | D:1      | Reached XP level 3. HP: 13/19 MP: 1/6
   741 | D:1      | Learned a level 3 spell: Stone Arrow
  1492 | D:2      | Found a hide-covered altar of Uskayaw.
  1570 | D:2      | Reached XP level 4. HP: 24/24 MP: 5/8
  1800 | D:3      | Killed from afar by an orc wizard

Skill      XL: |  1  2  3 |
---------------+----------+-----
Earth Magic    | 4 |  4.9
Spellcasting   | 3 |  3.0
Dodging        | |  1.8
Stealth        | |  2.5
Unarmed Combat | |  0.2
Transmutations | |  0.7

Action                   |  1- 3 |  4- 6 || total
-------------------------+-------+-------++-------
Melee: Unarmed           |    17 |       ||    17
 Cast: Sandblast         |    50 |    16 ||    66
  Use: Scroll            |       |     1 ||     1
       Potion            |       |     1 ||     1
  Eat: Chunk             |     3 |       ||     3
Armor: Robe              |    16 |     2 ||    18
Dodge: Dodged            |    14 |     3 ||    17
